AoeStats
← K

Black Forest

510338121Analyzed
4v4 RM · 2d ago on Sep 30, 2026· 49m 11s· 8 players
Game mode
Random Map
Map size
Large (8 player)
Population
200
Speed
Normal
Resources
Standard
Victory
Conquest
Starting age
Dark Age
Ending age
Imperial Age
RankedLock teamsTeams togetherTeam positionsShared explorationLock speedFull tech treeHidden civsTurbo modeCheats
Victory
Defeat
🇫🇷 Vikings · France
1176
+16
🇬🇧 Bengalis · United Kingdom
1166
+16
🇫🇷 Khmer · France
1150
+17
🇨🇦 Britons · Canada
1118
+18
🇨🇳 Persians · China
1238
-20
🇬🇧 Khmer · United Kingdom
1158
-16
🇨🇳 Jurchens · China
1154
-16
🇨🇳 Britons · China
1118
-15
Alexiỗs
8:58 Loom
11:09 Feudal Age
14:44 Castle Age
12:38 Double-Bit Axe
12:35 Horse Collar
16:01 Loom
16:33 Bow Saw
20:48 Gold Mining
26:57 Imperial Age
24:13 Town Watch
24:45 Scale Mail Armor
24:58 Forging
25:06 Stone Mining
25:52 Gold Shaft Mining
25:16 Treadmill Crane
26:21 Chain Mail Armor
26:40 Heavy Plow
27:32 Iron Casting
27:02 Squires
26:50 Arson
27:06 Capped Ram
29:02 Two-Man Saw
28:46 Plate Mail Armor
27:51 Elite Varangian Guard
30:56 Conscription
31:28 Chieftains
33:03 Blast Furnace
32:17 Siege Ram
35:10 Chemistry
34:20 Siege Engineers
34:27 Masonry
35:00 Pikeman
38:54 Ballistics
42:42 Heavy Scorpion
44:03 Caravan
46:21 Chemistry
45:53 Architecture
45:24 Fletching
45:37 Padded Archer Armor
thomaskuro
9:33 Loom
11:46 Feudal Age
15:13 Castle Age
13:01 Horse Collar
13:11 Double-Bit Axe
13:42 Horse Collar
16:37 Bow Saw
22:24 Wheelbarrow
22:14 Heavy Plow
22:33 Gold Mining
23:49 Stone Mining
27:18 Imperial Age
26:13 Hand Cart
27:01 Scale Barding Armor
27:07 Forging
27:34 Bloodlines
27:25 Husbandry
27:43 Elite Battle Elephant
29:54 Chemistry
29:32 Chain Barding Armor
29:48 Iron Casting
31:16 Gold Shaft Mining
31:16 Stone Shaft Mining
31:05 Ballistics
30:36 Town Watch
31:34 Masonry
32:36 Conscription
33:12 Plate Barding Armor
33:40 Tusk Swords
33:21 Light Cavalry
34:34 Double Crossbow
35:08 Elite Ballista Elephant
35:50 Elite Ballista Elephant
39:11 Hoardings
38:19 Hussar
40:57 Caravan
42:48 Siege Engineers
43:13 Architecture
43:22 Iron Casting
42:37 Fletching
46:54 Fortified Wall
49:03 Crop Rotation
Philippe6390
0:26 Loom
13:01 Feudal Age
17:27 Castle Age
16:32 Double-Bit Axe
16:31 Horse Collar
17:18 Stone Mining
26:33 Gold Mining
27:09 Heavy Plow
27:51 Wheelbarrow
30:43 Imperial Age
28:28 Pikeman
29:40 Fletching
30:30 Bodkin Arrow
32:51 Hand Cart
35:56 Halberdier
38:37 Conscription
40:40 Bracer
41:25 Gold Shaft Mining
40:56 Elite Longbowman
43:10 Squires
43:52 Ballistics
43:45 Bow Saw
43:39 Padded Archer Armor
44:33 Elite Skirmisher
46:36 Two-Man Saw
47:00 Leather Archer Armor
xSantalogx
0:30 Loom
13:14 Feudal Age
17:45 Castle Age
15:54 Double-Bit Axe
17:53 Wheelbarrow
18:47 Gold Mining
25:59 Redemption
28:33 Sanctity
28:54 Horse Collar
33:52 Imperial Age
37:28 Ballistics
38:09 Chemistry
38:09 Hand Cart
37:40 Town Watch
38:46 Scale Mail Armor
38:57 Forging
39:52 Heavy Plow
40:03 Squires
39:24 Pikeman
41:07 Conscription
40:26 Halberdier
41:58 Chain Mail Armor
42:19 Iron Casting
41:50 Padded Archer Armor
41:40 Fletching
43:05 Scale Barding Armor
45:25 Blast Furnace
45:47 Bow Saw
46:09 Crop Rotation
48:59 Two-Man Saw
48:36 Gold Shaft Mining
48:34 Stone Mining
49:12 Leather Archer Armor
48:53 Bodkin Arrow
YuangXue
2:17 Loom
12:26 Feudal Age
13:44 Double-Bit Axe
17:22 Castle Age
15:09 Horse Collar
19:09 Bow Saw
19:45 Wheelbarrow
21:51 Heavy Plow
23:54 Hand Cart
25:19 Gold Mining
25:52 Fletching
26:09 Scale Barding Armor
26:54 Forging
28:13 Bodkin Arrow
30:35 Gold Shaft Mining
32:50 Imperial Age
32:21 Chain Barding Armor
33:46 Elite Iron Pagoda
35:05 Plate Barding Armor
35:05 Iron Casting
36:38 Thunderclap Bombs
洋
13:25 Feudal Age
14:50 Double-Bit Axe
19:18 Castle Age
17:55 Horse Collar
27:05 Fletching
27:15 Loom
28:03 Bodkin Arrow
35:34 Imperial Age
34:32 Wheelbarrow
34:16 Forging
34:08 Scale Mail Armor
33:57 Pikeman
34:38 Squires
34:23 Arson
34:56 Gambesons
38:07 Conscription
42:10 Crossbowman
42:53 Bracer
43:07 Treadmill Crane
K
10:35 Feudal Age
13:43 Double-Bit Axe
13:40 Horse Collar
17:49 Castle Age
23:59 Bow Saw
23:44 Gold Mining
23:45 Stone Mining
26:24 Stone Shaft Mining
26:28 Gold Shaft Mining
25:57 Heavy Plow
30:33 Imperial Age
28:39 Wheelbarrow
28:48 Wheelbarrow
28:01 Loom
30:02 Ballistics
30:46 Hand Cart
30:16 Town Watch
30:46 Forging
30:42 Scale Barding Armor
33:22 Chemistry
32:24 Husbandry
32:35 Bloodlines
33:02 Iron Casting
32:47 Chain Barding Armor
33:09 Murder Holes
34:45 Blast Furnace
34:39 Conscription
34:30 Elite Ballista Elephant
37:26 Tusk Swords
37:27 Double Crossbow
39:35 Plate Barding Armor
40:18 Elite Battle Elephant
44:55 Light Cavalry
爱种点小田
11:39 Feudal Age
12:15 Double-Bit Axe
12:17 Loom
15:15 Castle Age
13:29 Horse Collar
16:18 Bow Saw
24:59 Wheelbarrow
25:12 Heavy Plow
25:14 Gold Mining
26:30 Hand Cart
30:09 Imperial Age
28:21 Scale Barding Armor
28:20 Devotion
28:15 Loom
30:03 Gold Shaft Mining
29:42 Forging
29:58 Chain Barding Armor
29:34 Stone Mining
29:34 Light Cavalry
30:26 Bloodlines
30:16 Husbandry
30:30 Cavalier
31:40 Conscription
30:50 Heavy Camel Rider
31:46 Scale Mail Armor
31:22 Pikeman
32:05 Squires
32:43 Iron Casting
33:10 Chain Mail Armor
32:18 Halberdier
33:03 Hussar
35:09 Masonry
36:01 Blast Furnace
35:37 Arson
36:29 Plate Mail Armor
37:12 Plate Barding Armor
37:11 Architecture
37:04 Ballistics
37:45 Chemistry
37:15 Guilds
37:37 Coinage
38:00 Hoardings
39:28 Citadels
43:34 Fletching
Connection lost

Rejoining the realm…

Still unreachable

The connection could not be restored.

Session expired

The server has moved on; the page needs a fresh start.